AoeStats
← Leão

Arabia

506943767Analyzed
1v1 RM · 16d ago on Sep 15, 2026· 55m 1s· 2 players
Game mode
Random Map
Map size
Tiny (2 player)
Population
200
Speed
Normal
Resources
Standard
Victory
Conquest
Starting age
Dark Age
Ending age
Imperial Age
RankedLock teamsTeams togetherTeam positionsShared explorationLock speedFull tech treeHidden civsTurbo modeCheats
Victory
Defeat
🇨🇱 Mongols · Chile
1262
+16
🇧🇷 Magyars · Brazil
1264
-16
z
10:13 Feudal Age
10:47 Loom
12:38 Double-Bit Axe
16:52 Bloodlines
19:13 Forging
20:25 Horse Collar
23:43 Castle Age
22:54 Scale Mail Armor
22:46 Fletching
24:11 Gold Mining
24:44 Bow Saw
24:44 Heavy Plow
27:17 Husbandry
29:20 Bodkin Arrow
29:26 Padded Archer Armor
32:56 Thumb Ring
34:14 Ballistics
34:48 Leather Archer Armor
35:45 Scale Barding Armor
36:20 Gold Shaft Mining
40:09 Imperial Age
38:33 Stone Mining
40:11 Cavalier
41:30 Iron Casting
40:58 Bracer
41:34 Iron Casting
41:20 Chain Barding Armor
41:53 Elite Mangudai
42:55 Conscription
44:23 Chemistry
43:24 Light Cavalry
44:13 Hussar
46:53 Blast Furnace
49:27 Capped Ram
51:22 Siege Ram
55:03 Drill
Leão
6:37 Loom
9:22 Feudal Age
13:50 Double-Bit Axe
21:24 Castle Age
20:23 Gold Mining
20:25 Horse Collar
20:45 Fletching
20:55 Padded Archer Armor
22:19 Bodkin Arrow
22:37 Bow Saw
25:11 Leather Archer Armor
26:20 Bloodlines
28:13 Husbandry
32:13 Thumb Ring
32:33 Town Watch
34:00 Ballistics
34:46 Wheelbarrow
38:05 Scale Barding Armor
40:43 Imperial Age
38:29 Hand Cart
38:46 Heavy Plow
39:27 Gold Shaft Mining
38:42 Stone Mining
41:45 Bracer
43:00 Chemistry
42:50 Recurve Bow
43:31 Parthian Tactics
42:35 Light Cavalry
45:13 Hussar
46:09 Heavy Cavalry Archer
49:10 Chain Barding Armor
53:23 Plate Barding Armor
Connection lost

Rejoining the realm…

Still unreachable

The connection could not be restored.

Session expired

The server has moved on; the page needs a fresh start.